 Dungeon Crawl Stone Soup version 0.31-a0-977-gc230f8ef24 (webtiles) character file.

Game seed: 8153509677671428033

252 sammy202020 the Changeling (level 6, 0/42 HPs)
             Began as an Octopode Shapeshifter on Oct 30, 2023.
             Slain by a gnoll
             ... wielding a +0 flail
              (13 damage)
             ... on level 4 of the Dungeon.
             The game lasted 00:05:26 (3306 turns).

sammy202020 the Changeling (Octopode Shapeshifter)  Turns: 3306, Time: 00:05:26

Health: 0/42       AC:  1    Str: 13    XL:     6   Next: 14%
Magic:  6/6        EV: 14    Int: 12    God:
Gold:   141        SH:  0    Dex: 14    Spells: 5/5 levels left

rFire   + . .        g - +0 dagger (freeze)
rCold   . . .        (no shield)
rNeg    . . .        (helmet currently unavailable)
rPois   .            (no amulet)
rElec   .            m - ring of protection from fire
rCorr   .            (no ring)
SInv    .            (no ring)
Will    .....        (no ring)
Stlth   ++           (no ring)
HPRegen 0.27/turn    (no ring)
MPRegen 0.10/turn    (no ring)
                     (no ring)

%: no passive effects
@: beast-form
A: beast (slay +2), almost no armour, amphibious, 8 rings, camouflage 1,
gelatinous body 1, (nimble swimmer 1), tentacles
a: Begin Untransformation


You were on level 4 of the Dungeon.
You were a hulking beast.
You visited 1 branch of the dungeon, and saw 4 of its levels.

You collected 141 gold pieces.

Inventory:

Hand Weapons
 g - a +0 dagger of freezing (weapon)
 i - a +0 flail of protection
 j - a +0 sling of freezing
Missiles
 f - a throwing net
Jewellery
 m - a ring of protection from fire (left tentacle)
Talismans
 b - a beast talisman (active)
 c - a flux talisman
Wands
 r - a wand of flame (17)
Scrolls
 d - a scroll of identify
 s - 2 scrolls of noise
 t - 3 scrolls of enchant armour
Potions
 a - a potion of lignification
 e - 3 potions of berserk rage
 h - a potion of brilliance
 k - 2 potions of haste
 n - a potion of degeneration
 o - a potion of resistance


   Skills:
 * Level 3.0 Fighting
 * Level 2.1 Short Blades
 * Level 3.5 Dodging
 - Level 3.4 Unarmed Combat
 + Level 3.9 Shapeshifting


You had 5 spell levels left.
You didn't know any spells.
Your spell library contained the following spells:

 Spells                   Type           Power      Damage    Failure   Level
 Wereblood                Tmut           0%         N/A       45%         2
 Irradiate                Conj/Tmut      0%         3d11      100%        5


Dungeon Overview and Level Annotations

Branches:
Dungeon (4/15)
 Temple: D:4-7

Altars:
Uskayaw
Wu Jian


Innate Abilities, Weirdness & Mutations

You are a hulking beast.
Your limbs bulge with bestial killing power. (Slay +2)
You cannot wear most types of armour.
You are amphibious.
You can wear up to eight rings at the same time.
Your skin changes colour to match your surroundings (Stealth+).
Your rubbery body absorbs attacks. (AC +1, EV +1)
((You are camouflaged when in or above water. (Stealth+)))
You have tentacles for arms and can constrict up to eight enemies at once.


Message History

Your grab misses the scorpion. The scorpion stings you!
You barely miss the scorpion. You grab the scorpion.
You constrict the scorpion. The gnoll misses you.
The scorpion closely misses you.
You barely miss the scorpion.
You squeeze the scorpion, but do no damage.
The scorpion is lightly wounded.
You constrict the scorpion. The scorpion completely misses you.
The gnoll hits you with a +0 flail!
You hit the scorpion. You freeze the scorpion.
The scorpion is moderately wounded.
You constrict the scorpion, but do no damage.
The scorpion stings you.
You are too injured to fight recklessly!
You are too injured to fight recklessly!
You are too injured to fight recklessly!
You are too injured to fight recklessly!
You are too injured to fight recklessly!
You are too injured to fight recklessly!
You are too injured to fight recklessly!
You are too injured to fight recklessly!
You are too injured to fight recklessly!
You are too injured to fight recklessly!
You are too injured to fight recklessly!
You are too injured to fight recklessly!
You are too injured to fight recklessly!
You are too injured to fight recklessly!
You are too injured to fight recklessly!
You are too injured to fight recklessly!
You are too injured to fight recklessly!
Unknown command.
You hit the gnoll. You freeze the gnoll. Your grab misses the gnoll.
The gnoll is moderately wounded.
You constrict the scorpion, but do no damage.
The scorpion stings you.
* * * LOW HITPOINT WARNING * * *
The gnoll completely misses you. The gnoll barely misses you.
The gnoll closely misses you.
You release your grip on the scorpion.
The gnoll hits you with a +0 flail!
You die...

....#.## #... #...#..##
#...# #..###..## ....#
...####..####### ....#
..#.............
...####
########.#######
....... #.........#
##.......
#.####.##.#####sg......
#.......#.##..hgg......
######..#.#..###.......
#......## #######
##.#.### #.#># #.###
#.# #.# #.#


You could see a scorpion and 3 gnolls.

Vanquished Creatures
  2 orc wizards (D:3)
  4 gnolls
  3 adders
  2 worms
  4 dart slugs
  18 orcs (D:3)
  7 bats
  6 endoplasms
  4 giant cockroaches
  9 goblins
  9 hobgoblins
  10 jackals
  2 quokkas (D:1)
  7 ball pythons
  4 frilled lizards
  5 kobolds
  6 rats
102 creatures vanquished.

Notes
Turn   | Place    | Note
-------+----------+-------------------------------------------
     0 | D:1      | sammy202020 the Octopode Shapeshifter began the quest for
                  | the Orb.
     0 | D:1      | Reached XP level 1. HP: 13/13 MP: 1/1
    78 | D:1      | Reached XP level 2. HP: 6/18 MP: 2/2
   205 | D:1      | Found a faded altar of an unknown god.
   218 | D:1      | Reached XP level 3. HP: 19/23 MP: 3/3
  1037 | D:2      | Reached XP level 4. HP: 11/29 MP: 4/4
  1348 | D:2      | Reached skill level 1 in Short Blades
  1488 | D:2      | Identified the +2 robe of Dumaen {*Slow +Inv rN+}
  2185 | D:3      | Reached XP level 5. HP: 34/35 MP: 5/5
  2501 | D:3      | Found a hide-covered altar of Uskayaw.
  2999 | D:3      | Reached XP level 6. HP: 31/41 MP: 6/6
  3257 | D:4      | Found an ornate altar of the Wu Jian Council.
  3306 | D:4      | Slain by a gnoll

Illustrated notes

Levels and vault maps discovered:
D:1:      nicolae_arrival_washed_ashore, layout_loops_ring,
          chequers_ecumenical_altar_simple_redux, st_stairs_2
D:2:      layout_loops_ring, kennysheep_minor_cross,
          amcnicky_mini_corridor_feature
D:3:      layout_loops_cross, mainiacjoe_overflow_cross_hatched
D:4:      layout_basic, marbit_many_paths, zin_academy,
          nicolae_wu_jian_wuxing_cycle, serial_shops,
          nicolae_shop_tiny_statue_garden

Skill      XL: |  1  2  3  4  5  6 |
---------------+-------------------+-----
Fighting       | 2 3 |  3.0
Short Blades   | 1 2 |  2.1
Dodging        | 3 |  3.5
Unarmed Combat | |  3.4
Shapeshifting  | |  3.9

Action                     |  1- 3 |  4- 6 || total
---------------------------+-------+-------++-------
  Melee: Unarmed           |    18 |       ||    18
         Constrict         |    16 |    42 ||    58
         Tentacles         |    16 |    31 ||    47
         Dagger            |    51 |   122 ||   173
         Punch             |     2 |     1 ||     3
Ability: Begin Untransform |     1 |       ||     1
    Use: Scroll            |     5 |     9 ||    14
         Potion            |       |     1 ||     1
   Stab: Sleeping          |     6 |     5 ||    11
 Armour: Skin              |    24 |    46 ||    70
  Dodge: Dodged            |    44 |    79 ||   123
   Form: Beast             |     1 |       ||     1

Table legend: (Time is in decaauts)
 A = Elapsed time spent in this place.
 B = Non-inter-level travel time spent in this place.
 C = Inter-level travel time spent in this place.
 D = Time resting spent in this place.
 E = Time spent auto-exploring this place.
 F = Levels seen in this place.
 G = Mean time per level.
                   A        B        C        D        E       F      G
               +--------+--------+--------+--------+--------+-----+--------+
         Total |   3293 |   3259 |     34 |    611 |   2052 |   4 |  823.2 |
       Dungeon |   3293 |   3259 |     34 |    611 |   2052 |   4 |  823.2 |
               +--------+--------+--------+--------+--------+-----+--------+

Top non-repeatable levels by time:
     D:3: 1215 daAuts
     D:2: 1084 daAuts
     D:1: 940 daAuts
     D:4: 52 daAuts
